[Event "Titled Tuesday Blitz March 22 Late 2022"]
[White "Kamsky, Gata"]
[Black "Taboas Rodriguez, Daniel"]
[WhiteFideId "2000024"]
[BlackFideId "2208466"]
[WhiteElo "2645"]
[BlackElo "2429"]
[Result "1-0"]
[Round "07"]
[TimeControl "180+1"]
[Date "2022.03.22"]
[WhiteClock "0:01:06"]
[BlackClock "0:00:11"]

1. d4 Nf6 2. Nf3 g6 3. Bg5 Bg7 4. c3 O-O 5. Nbd2 b6 6. e4 Bb7 7. Bd3 c5 8. d5 d6 9. O-O Nbd7 10. a4 a6 11. Re1 Ng4 12. h3 Nge5 13. Bf1 Re8 14. Nxe5 Nxe5 15. f4 Nd7 16. Qb3 Qc7 17. Nc4 Rab8 18. Ne3 e6 19. dxe6 fxe6 20. f5 Bxe4 21. fxe6 Ne5 22. Nd5 Bxd5 23. Qxd5 b5 24. axb5 axb5 25. Ra6 Rb6 26. Rxb6 Qxb6 27. Rd1 c4+ 28. Kh1 h6 29. Bh4 g5 30. Bg3 Qe3 31. Kh2 h5 32. Qxb5 Rxe6 33. Bxc4 Nxc4 34. Qxc4 h4 35. Bxd6 Kh8 36. Bc7 Qe2 37. Qxe2 Rxe2 38. Rb1 Kh7 39. b4 Bxc3 40. b5 Be5+ 41. Bxe5 Rxe5 42. b6 Re8 43. b7 Rb8 44. Kg1 Kg6 45. Kf2 Kf5 46. Kf3 1-0


[Site "https://www.chess.com"]

[Event "Titled Tuesday Blitz March 22 Late 2022"]
[White "Khanin, Semen"]
[Black "Rolfe, Warrick"]
[WhiteFideId "4111990"]
[BlackFideId "2603802"]
[WhiteElo "2442"]
[BlackElo "2573"]
[Result "1-0"]
[Round "07"]
[TimeControl "180+1"]
[Date "2022.03.22"]
[WhiteClock "0:00:24"]
[BlackClock "0:00:08"]

1. e4 c5 2. Nf3 Nc6 3. Bb5 g6 4. O-O Bg7 5. c3 Nh6 6. d4 cxd4 7. cxd4 O-O 8. Nc3 f6 9. Re1 Nf7 10. h3 a6 11. Bc4 b5 12. Bb3 Na5 13. Bc2 Bb7 14. a3 e5 15. dxe5 fxe5 16. a4 Bc6 17. axb5 axb5 18. Nd5 Nc4 19. Rxa8 Qxa8 20. b3 Ncd6 21. Bb2 Bxd5 22. exd5 Re8 23. Qd2 e4 24. Bxg7 Kxg7 25. Qd4+ Kg8 26. Nd2 Qa2 27. Nxe4 Nxe4 28. Rxe4 Rxe4 29. Qxe4 Qa1+ 30. Kh2 Nd6 31. Qe7 Nf7 32. Qxd7 Qe5+ 33. g3 Qe2 34. Qc8+ Kg7 35. Kg2 Ne5 36. Qc7+ Kh6 37. Qc5 Qf3+ 38. Kh2 Qe2 39. Qe3+ Qxe3 40. fxe3 b4 41. g4 Kg5 42. Kg3 Kf6 43. Kf4 g5+ 44. Ke4 h6 45. Bd1 1-0


[Site "https://www.chess.com"]

[Event "Titled Tuesday Blitz March 22 Late 2022"]
[White "Kohler, Aran"]
[Black "Kashefi, Amir Hosein"]
[WhiteFideId "1002856"]
[BlackFideId "12557935"]
[WhiteElo "2284"]
[BlackElo "2107"]
[Result "1-0"]
[Round "07"]
[TimeControl "180+1"]
[Date "2022.03.22"]
[WhiteClock "0:00:18"]
[BlackClock "0:00:03"]

1. e4 c6 2. d4 d5 3. e5 Bf5 4. Nc3 e6 5. g4 Bg6 6. Nge2 Nd7 7. Be3 c5 8. f4 cxd4 9. Nxd4 h5 10. f5 Bh7 11. fxe6 Nxe5 12. Bb5+ Ke7 13. exf7 Kxf7 14. O-O+ Nf6 15. g5 Ng4 16. gxf6 gxf6 17. Bf4 Bc5 18. Kh1 Rg8 19. h3 Qb6 20. hxg4 Rxg4 21. Nce2 Be4+ 22. Nf3 Rag8 23. Bd3 Qe6 24. Bh2 Rg2 25. Nf4 Qg4 26. Bxe4 Rxh2+ 27. Nxh2 1-0


[Site "https://www.chess.com"]

[Event "Titled Tuesday Blitz March 22 Late 2022"]
[White "Kosteniuk, Alexandra"]
[Black "Kollars, Dmitrij"]
[WhiteFideId "4128125"]
[BlackFideId "12909572"]
[WhiteElo "2469"]
[BlackElo "2584"]
[Result "1-0"]
[Round "07"]
[TimeControl "180+1"]
[Date "2022.03.22"]
[WhiteClock "0:00:07"]
[BlackClock "0:00:05"]

1. e4 c5 2. c3 d5 3. exd5 Qxd5 4. d4 g6 5. Nf3 Bg7 6. Nbd2 cxd4 7. Bc4 Qd8 8. Nxd4 Nf6 9. O-O O-O 10. N2f3 Qc7 11. Bb3 Nc6 12. Qe2 Bg4 13. Be3 e5 14. Nb5 Qa5 15. h3 Bxf3 16. gxf3 a6 17. Nd6 Qc7 18. Rfd1 Na5 19. Nc4 Nxb3 20. axb3 b5 21. Nd6 Rfd8 22. Ne4 Nd5 23. c4 bxc4 24. bxc4 Nf4 25. Bxf4 exf4 26. Rxd8+ Qxd8 27. c5 a5 28. Kg2 Rb8 29. Rd1 Qc7 30. Rd2 h6 31. Rc2 Qc6 32. Qd2 a4 33. Qd6 Rc8 34. Qxf4 Qd5 35. Nd6 Rc6 36. Rd2 Qg5+ 37. Qxg5 hxg5 38. Ne4 f5 39. Nxg5 Bf6 40. f4 Rxc5 41. Nf3 Rb5 42. Ne5 g5 43. Rd6 Bg7 44. Rd8+ Kh7 45. Nd3 gxf4 46. Ra8 Bxb2 47. Rxa4 Rb3 48. Nxf4 Be5 49. Nd5 Kg6 50. Ne3 Bf6 51. Kf3 Rb5 52. h4 Re5 53. Rc4 Rb5 54. Ng2 Kf7 55. h5 Bg5 56. Nf4 Bxf4 57. Kxf4 Kf6 58. Rc6+ Kg7 59. h6+ Kh7 60. Kg5 Rb2 61. f4 Rb5 62. Rf6 Rb1 63. Rf7+ Kh8 64. Rxf5 Rg1+ 65. Kf6 Rh1 66. Kg6 Rg1+ 67. Rg5 Rf1 68. f5 Kg8 69. f6 Rb1 70. Re5 Rg1+ 71. Kf5 Rf1+ 72. Ke6 Kf8 73. h7 Rh1 74. Ra5 Re1+ 75. Kf5 Rf1+ 76. Kg6 Rg1+ 77. Rg5 Rh1 78. Rh5 Rg1+ 79. Kf5 Rf1+ 80. Ke4 Re1+ 81. Kd3 1-0


[Site "https://www.chess.com"]

[Event "Titled Tuesday Blitz March 22 Late 2022"]
[White "Kostiukov, Alexandr"]
[Black "Seul, Georg"]
[WhiteFideId "14108100"]
[BlackFideId "4601653"]
[WhiteElo "2202"]
[BlackElo "2271"]
[Result "1-0"]
[Round "07"]
[TimeControl "180+1"]
[Date "2022.03.22"]
[WhiteClock "0:02:02"]
[BlackClock "0:01:26"]

1. g3 d5 2. Bg2 c6 3. d3 e5 4. e4 dxe4 5. dxe4 Qxd1+ 6. Kxd1 Nf6 7. f3 Be7 8. Be3 Nbd7 9. Nd2 Bc5 10. Ke2 a5 11. Nh3 b6 12. Nf2 Ba6+ 13. Nd3 Ke7 14. a4 Bxe3 15. Kxe3 Bxd3 16. cxd3 Nc5 17. Nc4 Nfd7 18. Bh3 Nb3 19. Ra3 Ndc5 20. Nxe5 1-0


[Site "https://www.chess.com"]

[Event "Titled Tuesday Blitz March 22 Late 2022"]
[White "Koutlas, Nikolaos"]
[Black "Liu, Leonardo"]
[WhiteFideId "25827138"]
[BlackFideId "30965780"]
[WhiteElo "1610"]
[BlackElo "2299"]
[Result "0-1"]
[Round "07"]
[TimeControl "180+1"]
[Date "2022.03.22"]
[WhiteClock "0:00:55"]
[BlackClock "0:01:01"]

1. b3 Nf6 2. Bb2 g6 3. Nf3 Bg7 4. c4 O-O 5. Nc3 d6 6. g3 Nc6 7. Bg2 Rb8 8. O-O a6 9. d4 b5 10. d5 Na5 11. cxb5 axb5 12. a3 Bd7 13. Nd4 Nb7 14. b4 Qe8 15. Rc1 Nd8 16. Qd3 c5 17. dxc6 Nxc6 18. Ncxb5 Ne5 19. Nc7 Nxd3 20. Nxe8 Nxb2 21. Nxg7 Kxg7 22. Rc7 Rfc8 23. Ra7 Nc4 24. Rc1 Nxa3 25. Rd1 Nb5 26. Nxb5 Rxb5 27. h3 Rxb4 28. e3 Rb2 29. g4 h6 30. f4 Rcc2 31. Bf3 Ra2 32. Rb7 Kf8 33. g5 hxg5 34. fxg5 Bc8 35. gxf6 Bxb7 36. fxe7+ Kxe7 37. Bxb7 Re2 38. Bd5 Rad2 39. Rxd2 Rxd2 40. Bf3 Kf6 41. Kf1 Ke5 42. Kg1 f5 43. Kf1 d5 44. Be2 Ke4 45. Kf2 g5 46. Kf1 Kxe3 0-1


[Site "https://www.chess.com"]

[Event "Titled Tuesday Blitz March 22 Late 2022"]
[White "Kozak, Adam"]
[Black "Fishbein, Alexander"]
[WhiteFideId "753246"]
[BlackFideId "2000377"]
[WhiteElo "2459"]
[BlackElo "2442"]
[Result "1-0"]
[Round "07"]
[TimeControl "180+1"]
[Date "2022.03.22"]
[WhiteClock "0:00:04"]
[BlackClock "0:00:04"]

1. c4 Nf6 2. Nc3 g6 3. e4 d6 4. d4 Bg7 5. Be2 O-O 6. Be3 a6 7. f3 c6 8. Qd2 b5 9. a3 bxc4 10. Bxc4 d5 11. Bd3 dxe4 12. fxe4 Ng4 13. Nf3 Nxe3 14. Qxe3 Bg4 15. e5 Nd7 16. b4 Bxf3 17. gxf3 a5 18. O-O axb4 19. axb4 Rxa1 20. Rxa1 Qb6 21. Ra6 Qxb4 22. Rxc6 e6 23. Be4 Ra8 24. Ne2 Ra2 25. Rc8+ Nf8 26. Kf2 Ra1 27. Rc1 Ra3 28. Rc3 Ra2 29. Rc2 Ra4 30. Kg2 h6 31. Qf4 Ra7 32. h4 h5 33. Qg5 Rd7 34. Qc1 Qe7 35. Kh3 Nh7 36. Rc8+ Rd8 37. Rc7 Rd7 38. Rc6 Nf8 39. Qc5 Qxc5 40. Rxc5 Ra7 41. Rc8 Rd7 42. Kg3 Kh7 43. Kf2 Bh6 44. Kg3 Kg7 45. Ra8 Rc7 46. Rd8 Nd7 47. f4 Nb6 48. Rb8 Nc4 49. d5 Nd2 50. Bg2 exd5 51. Bxd5 Rd7 52. Bg2 Rd3+ 53. Kf2 Nc4 54. Be4 Re3 55. Bd5 Rxe2+ 56. Kxe2 Na3 57. Kf3 Nc2 58. Ke4 Ne1 59. Rb2 Kf8 60. Re2 1-0


[Site "https://www.chess.com"]

[Event "Titled Tuesday Blitz March 22 Late 2022"]
[White "Lin, Dachey"]
[Black "Godzwon, Iwo"]
[WhiteFideId "2029650"]
[BlackFideId "21802483"]
[WhiteElo "2313"]
[BlackElo "2201"]
[Result "1-0"]
[Round "07"]
[TimeControl "180+1"]
[Date "2022.03.22"]
[WhiteClock "0:00:58"]
[BlackClock "0:00:22"]

1. g4 e5 2. d4 exd4 3. Qxd4 Nc6 4. Qe4+ Be7 5. Nc3 Nf6 6. Qa4 O-O 7. g5 Ne8 8. Nf3 d6 9. Be3 Bd7 10. h4 a6 11. O-O-O b5 12. Qf4 Be6 13. Bh3 Qc8 14. Bg2 Na5 15. Nd4 Rb8 16. Nxe6 fxe6 17. Qg4 c5 18. Bh3 Nc7 19. Ne4 Nc4 20. Rhg1 Kh8 21. g6 Nxe3 22. fxe3 h6 23. Ng5 Rf6 24. Nf7+ Kg8 25. Qh5 d5 26. Nxh6+ gxh6 27. Qxh6 1-0


[Site "https://www.chess.com"]

[Event "Titled Tuesday Blitz March 22 Late 2022"]
[White "Maltsevskaya, Aleksandra"]
[Black "Le Goff, Ronan"]
[WhiteFideId "24174041"]
[BlackFideId "612073"]
[WhiteElo "2241"]
[BlackElo "2276"]
[Result "0-1"]
[Round "07"]
[TimeControl "180+1"]
[Date "2022.03.22"]
[WhiteClock "0:00:01"]
[BlackClock "0:00:12"]

1. Nf3 Nf6 2. g3 g6 3. Bg2 Bg7 4. O-O O-O 5. d4 d5 6. c4 c6 7. Nc3 dxc4 8. a4 Bf5 9. Ne5 Ng4 10. Nxg4 Bxg4 11. h3 Be6 12. e3 Na6 13. Bd2 Rb8 14. Kh2 Qd7 15. Qe2 Nc7 16. Rfd1 Rfc8 17. Ne4 b6 18. Ng5 Ne8 19. Bc3 Nf6 20. e4 h6 21. Nxe6 Qxe6 22. Qf3 a6 23. d5 cxd5 24. exd5 Qd6 25. Qe2 Rc7 26. Be5 Qxe5 27. Qxe5 Ng4+ 28. hxg4 Bxe5 29. Rab1 b5 30. axb5 axb5 31. f4 Bd6 32. Be4 b4 33. Rbc1 Kg7 34. Kh3 Ra8 35. g5 hxg5 36. fxg5 Ra2 37. Kg4 Rxb2 38. Rh1 Rb3 39. Rh3 f5+ 40. gxf6+ exf6 41. Bf3 f5+ 42. Kh4 Kf6 0-1


[Site "https://www.chess.com"]

[Event "Titled Tuesday Blitz March 22 Late 2022"]
[White "Manukian, Artak"]
[Black "Antonova, Nadezhda"]
[WhiteFideId "13301373"]
[BlackFideId "14700182"]
[WhiteElo "2435"]
[BlackElo "1751"]
[Result "0-1"]
[Round "07"]
[TimeControl "180+1"]
[Date "2022.03.22"]
[WhiteClock "0:00:41"]
[BlackClock "0:00:58"]

1. e4 c5 2. Nf3 d6 3. Bb5+ Nd7 4. O-O a6 5. Bd3 Ngf6 6. Re1 Qc7 7. c4 g6 8. Nc3 Bg7 9. Nd5 Qd8 10. a4 b6 11. Bf1 O-O 12. d3 e6 13. Nxf6+ Nxf6 14. h3 Bb7 15. Bg5 h6 16. Bh4 Qd7 17. Qb3 Bc6 18. Ra2 b5 19. axb5 axb5 20. Rea1 bxc4 21. Qxc4 Nh5 22. g4 Nf4 23. Bg3 g5 24. Bxf4 gxf4 25. Bg2 Bxb2 26. Rxa8 Rxa8 27. Rxa8+ Bxa8 28. Qa2 Qb7 29. Ne1 Bc3 30. Nc2 Kg7 31. Bf3 Qb8 32. Kg2 Bc6 33. Qc4 Qb2 34. Bd1 Bb5 0-1


[Site "https://www.chess.com"]

[Event "Titled Tuesday Blitz March 22 Late 2022"]
[White "Marcziter, Dmitrii"]
[Black "Fiol, Fabrice"]
[WhiteFideId "13900765"]
[BlackFideId "611670"]
[WhiteElo "2155"]
[BlackElo "2435"]
[Result "1-0"]
[Round "07"]
[TimeControl "180+1"]
[Date "2022.03.22"]
[WhiteClock "0:00:31"]
[BlackClock "0:00:01"]

1. d4 Nf6 2. c4 e6 3. Nf3 Bb4+ 4. Nbd2 b6 5. a3 Bxd2+ 6. Bxd2 Bb7 7. Bf4 d6 8. h3 Nbd7 9. e3 Qe7 10. Be2 e5 11. Bh2 exd4 12. exd4 Bxf3 13. gxf3 O-O 14. O-O Qe6 15. Kg2 Rfe8 16. Bd3 Nh5 17. f4 Qh6 18. Qg4 Ndf6 19. Qg5 Qxg5+ 20. fxg5 Ne4 21. h4 Nd2 22. Rfd1 Nb3 23. Rab1 g6 24. Bc2 Na5 25. b3 Re2 26. Bd3 Ra2 27. a4 Re8 28. Re1 Kf8 29. Rxe8+ Kxe8 30. Be4 Rd2 31. Re1 Kd8 32. Bd5 Nxb3 33. Bxf7 Nxd4 34. Bg8 Nf5 35. Re4 h6 36. Bf7 hxg5 37. hxg5 Ne7 38. Rh4 Rc2 39. Bxg6 Nxg6 40. Rxh5 Rxc4 41. Rh6 Rg4+ 42. Kf3 Rxg5 43. Ke4 Ne5 44. f4 Rg4 45. Kf5 Rg2 46. fxe5 dxe5 47. Kxe5 Ra2 48. Rh4 c5 49. Kd6 Rd2+ 50. Kc6 c4 51. Bc7+ Ke8 52. Re4+ Kf7 53. Rxc4 Ke6 54. Re4+ Kf5 55. Re5+ Kf6 56. Re4 Kf5 57. Rc4 Ke6 58. Kb7 Rd7 59. Kxa7 Kd5 60. Rc1 Re7 61. Kxb6 Rh7 62. a5 Rh6+ 63. Kb7 Rh7 64. a6 Rh1 65. a7 Rxc1 66. a8=Q Rb1+ 67. Bb6 Kc4 68. Qa2+ Rb3 69. Qb1 Kc3 70. Qc1+ Kd3 71. Qe3+ Kc2 72. Qe2+ Kc3 73. Kc6 Kb4 74. Qe4+ Ka3 75. Bc5+ Ka2 76. Qa4+ Kb2 77. Bd4+ Kc2 78. Qa2+ Kd3 79. Qxb3+ Ke4 80. Kd6 Kf4 81. Bb2 Kg4 82. Qe3 Kf5 83. Kd5 Kg6 84. Qf4 Kh7 85. Qg3 1-0


[Site "https://www.chess.com"]

[Event "Titled Tuesday Blitz March 22 Late 2022"]
[White "Martin Carmona, Gaston Manuel"]
[Black "Nazaretyan, Tigran"]
[WhiteFideId "22284567"]
[BlackFideId "24162345"]
[WhiteElo "2161"]
[BlackElo "2219"]
[Result "1-0"]
[Round "07"]
[TimeControl "180+1"]
[Date "2022.03.22"]
[WhiteClock "0:00:18"]
[BlackClock "0:00:11"]

1. d4 Nf6 2. c4 c5 3. d5 b5 4. cxb5 a6 5. bxa6 Bxa6 6. Nc3 g6 7. e4 Bxf1 8. Kxf1 d6 9. g3 Bg7 10. Kg2 O-O 11. Nf3 Nbd7 12. a4 Qb6 13. Ra3 Rfb8 14. Nd2 Ne5 15. Nb5 c4 16. Qe2 Qc5 17. Nb1 Nd3 18. N1c3 Ng4 19. f3 Nxc1 20. Rxc1 Ne5 21. Rc2 Nd3 22. Nd1 Qb4 23. Ndc3 h5 24. f4 h4 25. Kh3 hxg3 26. hxg3 Qc5 27. Kg2 Bf6 28. Rd2 Nc1 29. Qf2 Qb4 30. Rc2 Nd3 31. Qe3 Kg7 32. Qe2 Rh8 33. Nc7 Rac8 34. N3b5 Rh7 35. Rxd3 cxd3 36. Qxd3 Rch8 37. Kf3 Qe1 38. Qe2 Qh1+ 39. Qg2 Qd1+ 40. Qe2 Qb1 41. Nc3 Rh2 42. Nxb1 Rxe2 43. Rxe2 Rc8 44. Nb5 Rc1 45. N1c3 Rf1+ 46. Kg2 Ra1 47. e5 dxe5 48. fxe5 Bg5 49. d6 exd6 50. exd6 Bd8 51. d7 Bb6 52. Rd2 Rg1+ 53. Kh2 Rf1 54. d8=Q Bxd8 55. Rxd8 Rf2+ 56. Kg1 Rxb2 57. Rd7 Kf6 58. Rd3 Rc2 59. Rf3+ Kg7 60. Rf2 Rc1+ 61. Kg2 Ra1 62. Ra2 Re1 63. a5 Re8 64. a6 Ra8 65. a7 Rxa7 66. Rxa7 Kf6 67. Nd6 Ke6 68. Nxf7 g5 69. Nxg5+ Ke5 70. Nf3+ Kd6 71. Ra5 Kc6 72. Nd4+ Kb6 73. Rb5+ Ka6 74. Nd5 Ka7 75. Nb4 Ka8 76. g4 Ka7 77. Ndc6+ Ka8 78. Rb8# 1-0


[Site "https://www.chess.com"]

[Event "Titled Tuesday Blitz March 22 Late 2022"]
[White "Martin Duque, Jesus"]
[Black "Martin Barcelo, Carles"]
[WhiteFideId "2208954"]
[BlackFideId "24561444"]
[WhiteElo "2243"]
[BlackElo "1875"]
[Result "0-1"]
[Round "07"]
[TimeControl "180+1"]
[Date "2022.03.22"]
[WhiteClock "0:00:02"]
[BlackClock "0:00:08"]

1. Nf3 Nf6 2. b3 g6 3. Bb2 Bg7 4. g3 O-O 5. Bg2 d6 6. d4 b5 7. Qd3 a6 8. Nbd2 Bb7 9. O-O Nbd7 10. c4 bxc4 11. Nxc4 c5 12. Rac1 a5 13. Rfd1 Qb8 14. a4 Ra6 15. Qd2 Qa8 16. Nh4 Bxg2 17. Nxg2 Rb8 18. Qc2 Nd5 19. e4 Nb4 20. Qb1 cxd4 21. Bxd4 Bxd4 22. Rxd4 Nc5 23. h4 Nc6 24. Rd5 Rxb3 25. Qa1 Rb8 26. Rb1 Rb4 27. Rxb4 axb4 28. h5 Rxa4 29. Qb2 Ra1+ 30. Kh2 Qa2 31. h6 Qxb2 32. Nxb2 Nxe4 33. Rb5 f5 34. Nd3 Ra2 35. Ngf4 Nxf2 36. Nxf2 Rxf2+ 37. Kh3 Ne5 38. Ne6 Nf3 39. g4 fxg4+ 40. Kxg4 Ne5+ 41. Kg3 Rf3+ 42. Kg2 Rf5 43. Rb8+ Kf7 44. Nd8+ Kf6 45. Nb7 Rh5 0-1


[Site "https://www.chess.com"]

[Event "Titled Tuesday Blitz March 22 Late 2022"]
[White "Martinez Alcantara, Jose Eduardo"]
[Black "Indjic, Aleksandar"]
[WhiteFideId "3805662"]
[BlackFideId "911925"]
[WhiteElo "2690"]
[BlackElo "2616"]
[Result "1-0"]
[Round "07"]
[TimeControl "180+1"]
[Date "2022.03.22"]
[WhiteClock "0:00:05"]
[BlackClock "0:00:06"]

1. e4 c6 2. d4 d5 3. e5 c5 4. Nf3 cxd4 5. Nxd4 Nc6 6. Nxc6 bxc6 7. Bd3 e6 8. Be3 Ne7 9. O-O a5 10. Qe2 Qc7 11. f4 c5 12. c4 d4 13. Bf2 Bb7 14. Nd2 h5 15. Be4 Nf5 16. Qd3 g6 17. b3 Be7 18. g3 Kf8 19. a4 Kg7 20. Bxb7 Qxb7 21. Rae1 Rab8 22. Rb1 Qc6 23. Rfe1 Rb7 24. Re2 Rhb8 25. Ree1 Rb6 26. Re4 Qb7 27. h3 Nh6 28. Qf3 Rd8 29. g4 hxg4 30. hxg4 d3 31. Kg2 Rb4 32. Rh1 Rxb3 33. Qh3 Ng8 34. Qh8+ Kf8 35. Rh7 Rb2 36. Qg7+ Ke8 37. Qxg8+ Kd7 38. Qxf7 Re8 39. f5 gxf5 40. gxf5 Rxd2 41. Qxe6+ Kd8 42. Qd5+ Qxd5 43. cxd5 Rc2 44. Rh1 d2 45. Rd1 c4 46. d6 Bg5 47. e6 Rg8 48. Kf3 c3 49. Rc4 Ke8 50. Rc8+ Bd8 51. Bh4 1-0


[Site "https://www.chess.com"]

[Event "Titled Tuesday Blitz March 22 Late 2022"]
[White "Matlakov, Maxim"]
[Black "Holt, Conrad"]
[WhiteFideId "4168003"]
[BlackFideId "2034387"]
[WhiteElo "2669"]
[BlackElo "2586"]
[Result "0-1"]
[Round "07"]
[TimeControl "180+1"]
[Date "2022.03.22"]
[WhiteClock "0:00:40"]
[BlackClock "0:00:13"]

1. d4 d5 2. c4 c6 3. Nf3 Nf6 4. Qc2 dxc4 5. Qxc4 Bf5 6. Qb3 Qb6 7. Nbd2 Na6 8. a3 c5 9. e3 cxd4 10. Qxb6 axb6 11. Nxd4 Bd7 12. Bb5 e5 13. Bxd7+ Kxd7 14. N4f3 Ke6 15. Ke2 Rc8 16. b4 Bd6 17. Bb2 Rc2 18. Rab1 Rhc8 19. Ne1 R2c7 20. Nd3 Nd5 21. Rhc1 b5 22. Ne4 f6 23. g4 Rc2+ 24. Rxc2 Rxc2+ 25. Kd1 Rc4 26. Nxd6 Kxd6 27. h3 h5 28. gxh5 Rh4 29. Ke2 Rxh5 30. Rg1 g5 31. Rg3 Nac7 32. Nc5 b6 33. Ne4+ Ke7 34. f3 Ne6 35. Nf2 Rh8 36. Rg1 Rc8 37. Kd2 Kf7 38. Rh1 Rd8 39. Ke2 Rh8 40. Ne4 Ke7 41. Rd1 Nec7 42. Nf2 Ke6 43. Rc1 Ne8 44. Rc6+ Kd7 45. Rc1 Nd6 46. Rd1 Ke6 47. Rh1 Nc4 48. Bc1 Rd8 49. h4 Nc3+ 50. Ke1 Na2 51. Ke2 gxh4 52. Nd3 Nc3+ 53. Kf2 Rxd3 54. Rxh4 Rd1 55. Rh8 Rxc1 56. Re8+ Kf7 57. Rb8 Rc2+ 58. Kg3 Nxa3 0-1


[Site "https://www.chess.com"]

[Event "Titled Tuesday Blitz March 22 Late 2022"]
[White "Mikhalsky, Vladimir"]
[Black "Sharafiev, Azat"]
[WhiteFideId "14144352"]
[BlackFideId "4186214"]
[WhiteElo "2301"]
[BlackElo "2299"]
[Result "1-0"]
[Round "07"]
[TimeControl "180+1"]
[Date "2022.03.22"]
[WhiteClock "0:00:34"]
[BlackClock "0:00:51"]

1. e4 c5 2. Nf3 e6 3. b3 b6 4. Bb2 Bb7 5. Nc3 d5 6. exd5 exd5 7. d4 Nf6 8. Bb5+ Nbd7 9. O-O Be7 10. dxc5 bxc5 11. Ne5 d4 12. Na4 a6 13. Bc6 Qc7 14. Bxb7 Qxb7 15. Nxd7 Nxd7 16. Re1 Nb6 17. Nxc5 Qd5 18. Qxd4 Qxd4 19. Bxd4 f6 20. Ne6 Nd5 21. Nxg7+ Kf7 22. Nf5 Bb4 23. Re4 Rhd8 24. g3 Nc3 25. Rg4 Ne2+ 26. Kf1 Nxd4 27. Nxd4 Bc3 28. Rd1 Rd5 29. Rd3 Ba1 30. Ne2 Ra5 31. a4 Rc8 32. c4 Re5 33. Re3 Rf5 34. Kg2 Rd8 35. Rf4 Rg5 36. Nc3 Rd2 37. Ne4 1-0


[Site "https://www.chess.com"]

[Event "Titled Tuesday Blitz March 22 Late 2022"]
[White "Muetsch, Annmarie"]
[Black "Al-Tarboush, Ward"]
[WhiteFideId "12971367"]
[BlackFideId "7601450"]
[WhiteElo "2249"]
[BlackElo "2276"]
[Result "0-1"]
[Round "07"]
[TimeControl "180+1"]
[Date "2022.03.22"]
[WhiteClock "0:01:10"]
[BlackClock "0:01:33"]

1. Nf3 d5 2. g3 Nc6 3. Bg2 e5 4. d3 Be6 5. Nbd2 f6 6. e4 Nge7 7. h4 h5 8. c3 Qd7 9. Qe2 O-O-O 10. O-O g5 11. exd5 Nxd5 12. Ne4 Be7 13. hxg5 Bg4 14. gxf6 Nxf6 15. Nxf6 Bxf6 16. Be3 h4 17. gxh4 Rdg8 18. Bg5 Bxg5 19. hxg5 Rxg5 0-1


[Site "https://www.chess.com"]

[Event "Titled Tuesday Blitz March 22 Late 2022"]
[White "Oganian, Miran"]
[Black "Kozin, Yuri"]
[WhiteFideId "4122488"]
[BlackFideId "4129920"]
[WhiteElo "2357"]
[BlackElo "2554"]
[Result "1-0"]
[Round "07"]
[TimeControl "180+1"]
[Date "2022.03.22"]
[WhiteClock "0:00:47"]
[BlackClock "0:00:01"]

1. e4 c5 2. Nf3 e6 3. c3 Nf6 4. e5 Nd5 5. d4 cxd4 6. cxd4 d6 7. Bc4 dxe5 8. dxe5 Bb4+ 9. Bd2 Bxd2+ 10. Nbxd2 O-O 11. O-O Nb6 12. Bb3 Bd7 13. Ne4 Bb5 14. Re1 Bc4 15. Nd6 Bxb3 16. Qxb3 Qe7 17. Nd4 N8d7 18. f4 Rab8 19. Qf3 Nc5 20. b4 Nca4 21. f5 exf5 22. N4xf5 Qe6 23. Re4 g6 24. Nd4 Qd5 25. Rd1 Nb2 26. Rf1 N2c4 27. Qf4 Nxd6 28. exd6 Rbd8 29. Nf3 Qxd6 30. Qh6 f5 31. Ng5 Qd7 32. Rh4 Rf7 33. Nxf7 Qxf7 34. Qg5 Re8 35. Kh1 Qe7 36. Qg3 Qf7 37. Rhf4 Qg7 38. h3 Nd5 39. Rd4 Nf6 40. Qd3 Ne4 41. Rd7 Qe5 42. Qc4+ Kh8 43. Kg1 1-0


[Site "https://www.chess.com"]

[Event "Titled Tuesday Blitz March 22 Late 2022"]
[White "Olsen, Filip Boe"]
[Black "Atzl, Florian"]
[WhiteFideId "1440640"]
[BlackFideId "1635891"]
[WhiteElo "2188"]
[BlackElo "2085"]
[Result "1-0"]
[Round "07"]
[TimeControl "180+1"]
[Date "2022.03.22"]
[WhiteClock "0:01:44"]
[BlackClock "0:00:59"]

1. d4 c5 2. d5 Nf6 3. Nc3 d6 4. e4 a6 5. a4 e6 6. Nf3 Be7 7. Be2 O-O 8. O-O exd5 9. exd5 Bf5 10. Nd2 Nbd7 11. Nc4 Re8 12. Bf4 Nb6 13. Na3 Bf8 14. a5 Nc8 15. Nc4 b5 16. axb6 Nxb6 17. Na5 Bd7 18. Bf3 Qc7 19. Re1 Bb5 20. Nc6 Bxc6 21. dxc6 Rxe1+ 22. Qxe1 Re8 23. Qf1 c4 24. Rxa6 Re6 25. Nb5 Qc8 26. Rxb6 d5 27. Rb8 Qxc6 28. Nd4 g6 29. Nxc6 1-0


[Site "https://www.chess.com"]

[Event "Titled Tuesday Blitz March 22 Late 2022"]
[White "Oro, Luis"]
[Black "Estrada Nieto, Julian"]
[WhiteFideId "104094"]
[BlackFideId "5101018"]
[WhiteElo "2321"]
[BlackElo "2246"]
[Result "1-0"]
[Round "07"]
[TimeControl "180+1"]
[Date "2022.03.22"]
[WhiteClock "0:00:09"]
[BlackClock "0:00:06"]

1. e4 e5 2. Nf3 Nc6 3. Bc4 Bc5 4. c3 d6 5. d3 Nf6 6. a4 a6 7. O-O Ba7 8. Be3 O-O 9. Nbd2 Be6 10. Qe2 d5 11. exd5 Nxd5 12. Bxa7 Rxa7 13. Rad1 Nf4 14. Qe3 Bxc4 15. Nxc4 f6 16. d4 Nd5 17. Qe1 exd4 18. Nxd4 Nxd4 19. Rxd4 c6 20. Qe6+ Kh8 21. Re1 Ra8 22. Nd6 Qc7 23. Rh4 g6 24. Rhe4 Rad8 25. Nc4 Qd7 26. a5 Qxe6 27. Rxe6 Rd7 28. h3 Kg8 29. g3 Nc7 30. Re7 Rfd8 31. Nb6 Rxe7 32. Rxe7 Nd5 33. Rxb7 f5 34. Nxd5 Rxd5 35. b4 Rd3 36. c4 Rd4 37. c5 h5 38. Rb6 h4 39. Rxc6 hxg3 40. fxg3 Rxb4 41. Rxg6+ Kf7 42. Rxa6 Rc4 43. c6 Ke6 44. Rb6 Kd6 45. Kf2 Ra4 46. Rb5 f4 47. gxf4 Rxf4+ 48. Kg3 Ra4 49. h4 Kxc6 50. Rg5 Kd6 51. h5 Ke6 52. h6 Ra3+ 53. Kh4 Ra1 54. Kh5 Kf6 55. Rg4 Rh1+ 56. Rh4 Rd1 57. Kg4 Rd4+ 58. Kg3 Rd3+ 59. Kg2 Kg5 60. h7 Rd2+ 61. Kf3 Kxh4 62. h8=Q+ Kg5 63. Qe5+ Kg6 64. Qe6+ Kg5 65. Qe3+ 1-0


[Site "https://www.chess.com"]

[Event "Titled Tuesday Blitz March 22 Late 2022"]
[White "Ozates, Tuna"]
[Black "Demchenko, Anton"]
[WhiteFideId "6354521"]
[BlackFideId "4160258"]
[WhiteElo "1887"]
[BlackElo "2539"]
[Result "0-1"]
[Round "07"]
[TimeControl "180+1"]
[Date "2022.03.22"]
[WhiteClock "0:00:03"]
[BlackClock "0:00:09"]

1. c4 e5 2. g3 Nc6 3. Bg2 Bc5 4. Nc3 d6 5. e3 a6 6. Nge2 Ba7 7. O-O h5 8. h4 g5 9. hxg5 Qxg5 10. f4 Qg7 11. Nd5 f5 12. fxe5 dxe5 13. b4 h4 14. b5 Nd8 15. Bb2 axb5 16. cxb5 Be6 17. Rc1 Bxd5 18. Bxd5 Ne7 19. Qb3 hxg3 20. Rxc7 Qh7 21. Rxe7+ Kxe7 22. Qb4+ Ke8 23. Rxf5 Qxf5 24. Nf4 Qb1+ 25. Kg2 Qh1+ 26. Kxg3 exf4+ 27. Kxf4 Qh4+ 28. Kf5 Qxb4 29. Bxh8 Qf8+ 30. Bf6 Bc5 31. e4 Be7 32. e5 Bxf6 33. exf6 Ra5 34. Be6 Rxb5+ 0-1


[Site "https://www.chess.com"]

[Event "Titled Tuesday Blitz March 22 Late 2022"]
[White "Papp, Levente"]
[Black "Aydin, Gulenay"]
[WhiteFideId "751243"]
[BlackFideId "34557431"]
[WhiteElo "2308"]
[BlackElo "1429"]
[Result "1-0"]
[Round "07"]
[TimeControl "180+1"]
[Date "2022.03.22"]
[WhiteClock "0:00:52"]
[BlackClock "0:00:05"]

1. Nf3 Nf6 2. d4 g6 3. g3 Bg7 4. Bg2 O-O 5. O-O d6 6. c3 c6 7. Nbd2 Nbd7 8. e4 e5 9. Qc2 Re8 10. a4 Qc7 11. dxe5 dxe5 12. b4 a5 13. Bb2 Nf8 14. Nc4 b6 15. bxa5 bxa5 16. Ba3 Ba6 17. Bd6 Qd8 18. Nfxe5 N6d7 19. Rfd1 Nxe5 20. Bxe5 Qg5 21. Bxg7 Kxg7 22. Nd6 Red8 23. c4 Qe5 24. c5 Ne6 25. Rac1 Nxc5 26. Qxc5 Qxc5 27. Rxc5 Be2 28. Rd2 1-0


[Site "https://www.chess.com"]